IL
NEW ORLEANS ZEPHYRS @ INDIANAPOLIS INDIANS
04/10/2044
 
TOP OF THE 1ST
New Orleans Zephyrs batting - Pitching for Indianapolis Indians : RHP David Winstead
Pitching: RHP David Winstead
Batting: RHB Jerry Delgado 0-0: Ball
1-0: Called Strike
1-1: Ball
2-1: Ground out 6-3 (Groundball, 6, EV 108.1 MPH)
Batting: SHB Ramon Martinez 0-0: Foul Ball, location: 2F
0-1: Foul Ball, location: 2F
0-2: Foul Ball, location: 2F
0-2: SINGLE (Groundball, 5S, EV 72.5 MPH) (infield hit)
Batting: RHB Omar Contreras 0-0: Foul Ball, location: 2F
0-1: Foul Ball, location: 2F
0-2: Strikes out swinging
Batting: RHB Alex Gomez 0-0: Ball
1-0: Called Strike
1-1: Ball
2-1: Called Strike
2-2: Foul Ball, location: 2F
2-2: Foul Ball, location: 2F
2-2: Strikes out swinging
Top of the 1st over - 0 runs, 1 hit, 0 errors, 1 left on base; New Orleans 0 - Indianapolis 0
BOTTOM OF THE 1ST
Indianapolis Indians batting - Pitching for New Orleans Zephyrs : RHP Jose Velez
Pitching: RHP Jose Velez
Batting: RHB Caleb Russell 0-0: Ball
1-0: Called Strike
1-1: SINGLE (Groundball, 6MD, EV 103.1 MPH)
Batting: RHB Bubba Tierney 0-0: Called Strike
0-1: Ball
1-1: Ball
2-1: Foul Ball, location: 2F
2-2: Foul Ball, location: 2F
2-2: Ball
3-2: Base on Balls
Caleb Russell to second
Batting: SHB Ben Myers 0-0: Ball
1-0: Ball
2-0: Ball
3-0: Base on Balls
Caleb Russell to third
Bubba Tierney to second
Batting: SHB Louie Horne 0-0: Grounds into double play, 6-4-3 (Groundball, 6, EV 93.1 MPH)
Caleb Russell scores
Bubba Tierney to third
Batting: LHB Jorge Quintana 0-0: Foul Ball, location: 2F
0-1: Ball
1-1: Swinging Strike
1-2: Foul Ball, location: 2F
1-2: Strikes out swinging
Bottom of the 1st over - 1 run, 1 hit, 0 errors, 1 left on base; New Orleans 0 - Indianapolis 1
TOP OF THE 2ND
New Orleans Zephyrs batting - Pitching for Indianapolis Indians : RHP David Winstead
Batting: RHB Chris Lee 0-0: Called Strike
0-1: Called Strike
0-2: Foul Ball, location: 2F
0-2: Strikes out swinging
Batting: RHB Jesus Castillo 0-0: SINGLE (Groundball, 34D, EV 110.6 MPH)
Batting: RHB Kyle Ashton 0-0: Swinging Strike
0-1: Ball
Jesus Castillo is caught stealing 2nd base 2-4
1-1: Ball
2-1: Swinging Strike
2-2: Strikes out swinging
Top of the 2nd over - 0 runs, 1 hit, 0 errors, 0 left on base; New Orleans 0 - Indianapolis 1
BOTTOM OF THE 2ND
Indianapolis Indians batting - Pitching for New Orleans Zephyrs : RHP Jose Velez
Batting: RHB Chris McCoy 0-0: Ground out U3 (Groundball, 34S, EV 85.6 MPH)
Batting: RHB Kirk Seiffert 0-0: Called Strike
0-1: Ball
1-1: DOUBLE (Line Drive, 78XD, EV 102.5 MPH)
Batting: RHB Danny Gallegos 0-0: Ball
1-0: Foul Ball, location: 2F
1-1: Swinging Strike
1-2: Strikes out swinging
Batting: RHB Ramon Morales 0-0: Called Strike
0-1: Ground out 6-3 (Groundball, 6, EV 90.0 MPH)
Bottom of the 2nd over - 0 runs, 1 hit, 0 errors, 1 left on base; New Orleans 0 - Indianapolis 1
TOP OF THE 3RD
New Orleans Zephyrs batting - Pitching for Indianapolis Indians : RHP David Winstead
Batting: RHB Gebre-Giorgios Tikolo 0-0: Called Strike
0-1: Ball
1-1: Ground out 6-3 (Groundball, 6S, EV 81.3 MPH)
Batting: RHB Katsutaka Inouye 0-0: Swinging Strike
0-1: Ground out 3-1 (Groundball, 34, EV 111.3 MPH)
Batting: RHB Jerry Delgado 0-0: Ball
1-0: Called Strike
1-1: Called Strike
1-2: Ball
2-2: Foul Ball, location: 2F
2-2: Fly out, F5 (Popup, 5, EV 48.1 MPH)
Top of the 3rd over - 0 runs, 0 hits, 0 errors, 0 left on base; New Orleans 0 - Indianapolis 1
BOTTOM OF THE 3RD
Indianapolis Indians batting - Pitching for New Orleans Zephyrs : RHP Jose Velez
Batting: RHB Caleb Russell 0-0: Ball
1-0: Ball
2-0: Foul Ball, location: 2F
2-1: Ball
3-1: SINGLE (Groundball, 6MD, EV 109.4 MPH)
Batting: RHB Bubba Tierney 0-0: Ball
1-0: Called Strike
1-1: Ball
2-1: Foul Ball, location: 2F
2-2: Ball
3-2: Base on Balls
Caleb Russell to second
Batting: SHB Ben Myers 0-0: Ball
1-0: Called Strike
1-1: Ball
2-1: Ball
3-1: Base on Balls
Caleb Russell to third
Bubba Tierney to second
Batting: SHB Louie Horne 0-0: Ball
1-0: Called Strike
1-1: Swinging Strike
1-2: Ground out 4-3 (Groundball, 13, EV 88.8 MPH)
Caleb Russell scores
Bubba Tierney to third
Ben Myers to second
Batting: LHB Jorge Quintana 0-0: Ball
1-0: Called Strike
1-1: Ball
2-1: Called Strike
2-2: Strikes out swinging
Batting: RHB Chris McCoy 0-0: Called Strike
0-1: Ball
1-1: Called Strike
1-2: Ball
2-2: Foul Ball, location: 2F
2-2: SINGLE (Groundball, 56, EV 97.5 MPH)
Bubba Tierney scores
Ben Myers to third
Runner from 3rd tries for Home, SAFE, throw by LF to home
Batting: RHB Kirk Seiffert 0-0: Ball
1-0: Ball
2-0: 2-RUN HOME RUN (Flyball, 89XD, EV 98.8 MPH), Distance : 385 ft
Pitching: RHP Al Mendoza
Batting: RHB Danny Gallegos 0-0: Ground out 1-3 (Groundball, 13S, EV 68.8 MPH)
Bottom of the 3rd over - 5 runs, 3 hits, 0 errors, 0 left on base; New Orleans 0 - Indianapolis 6
TOP OF THE 4TH
New Orleans Zephyrs batting - Pitching for Indianapolis Indians : RHP David Winstead
Batting: SHB Ramon Martinez 0-0: Ball
1-0: SINGLE (Groundball, 4M, EV 89.4 MPH) (infield hit)
Batting: RHB Omar Contreras 0-0: Called Strike
0-1: Foul Ball, location: 2F
0-2: Ball
Ramon Martinez steals 2nd base
1-2: Foul Ball, location: 2F
1-2: SINGLE (Groundball, 25, EV 68.8 MPH) (infield hit)
Ramon Martinez to third
Batting: RHB Alex Gomez 0-0: Fielders Choice at 2nd, 5-4 (Groundball, 56S, EV 90.6 MPH)
Ramon Martinez scores
Batting: RHB Chris Lee 0-0: SINGLE (Groundball, 4MD, EV 108.1 MPH)
Alex Gomez to second
Runner from 2nd tries for 3rd, SAFE, throw by CF made to third
Batting: RHB Jesus Castillo 0-0: Foul Ball, location: 2F
0-1: DOUBLE (Groundball, 5L, EV 103.1 MPH)
Alex Gomez scores
Chris Lee to third
Runner from 3rd tries for Home, SAFE, no throw by LF
Batting: RHB Kyle Ashton 0-0: SINGLE (Flyball, 78M, EV 98.8 MPH)
Jesus Castillo to third
Batting: RHB Gebre-Giorgios Tikolo 0-0: Grounds into double play, 5-4-3 (Groundball, 56, EV 106.3 MPH)
Top of the 4th over - 3 runs, 5 hits, 0 errors, 1 left on base; New Orleans 3 - Indianapolis 6
BOTTOM OF THE 4TH
Indianapolis Indians batting - Pitching for New Orleans Zephyrs : RHP Al Mendoza
Batting: RHB Ramon Morales 0-0: Ball
1-0: Called Strike
1-1: Ball
2-1: Called Strike
2-2: Strikes out looking
Batting: RHB Caleb Russell 0-0: SINGLE (Groundball, 5D, EV 105.0 MPH)
Batting: RHB Bubba Tierney 0-0: Ball
Caleb Russell steals 2nd base
1-0: Called Strike
1-1: SINGLE (Flyball, 9LS, EV 90.6 MPH)
Caleb Russell to third
Runner from 3rd tries for Home, SAFE, throw by RF to home
Batting: SHB Ben Myers 0-0: Called Strike
Bubba Tierney steals 2nd base
0-1: Fly out, F7 (Flyball, 7LD, EV 75.6 MPH)
Batting: SHB Louie Horne 0-0: Called Strike
0-1: Called Strike
0-2: Fly out, F7 (Flyball, 7S, EV 85.0 MPH)
Bottom of the 4th over - 1 run, 2 hits, 0 errors, 1 left on base; New Orleans 3 - Indianapolis 7
TOP OF THE 5TH
New Orleans Zephyrs batting - Pitching for Indianapolis Indians : RHP David Winstead
Batting: RHB Katsutaka Inouye 0-0: Ball
1-0: Called Strike
1-1: Ground out 5-3 (Groundball, 56, EV 85.6 MPH)
Batting: RHB Jerry Delgado 0-0: Foul Ball, location: 2F
0-1: DOUBLE (Flyball, 7LD, EV 106.3 MPH)
Batting: SHB Ramon Martinez 0-0: Ball
1-0: Called Strike
1-1: Ball
2-1: Fly out, F7 (Flyball, 7S, EV 73.1 MPH)
Batting: RHB Omar Contreras 0-0: Called Strike
0-1: Foul Ball, location: 2F
0-2: Foul Ball, location: 2F
0-2: Fly out, F8 (Flyball, 8RM, EV 88.8 MPH)
Top of the 5th over - 0 runs, 1 hit, 0 errors, 1 left on base; New Orleans 3 - Indianapolis 7
BOTTOM OF THE 5TH
Indianapolis Indians batting - Pitching for New Orleans Zephyrs : RHP Al Mendoza
Batting: LHB Jorge Quintana 0-0: Ball
1-0: Ball
2-0: Ground out 4-3 (Groundball, 4, EV 84.4 MPH)
Batting: RHB Chris McCoy 0-0: Foul Ball, location: 2F
0-1: Ball
1-1: Foul Ball, location: 2F
1-2: Strikes out swinging
Batting: RHB Kirk Seiffert 0-0: TRIPLE (Flyball, 78XD, EV 111.3 MPH)
Batting: RHB Danny Gallegos 0-0: Ball
1-0: Foul Ball, location: 2F
1-1: Ball
2-1: Fly out, F4 (Flyball, 4MD, EV 93.1 MPH)
Bottom of the 5th over - 0 runs, 1 hit, 0 errors, 1 left on base; New Orleans 3 - Indianapolis 7
TOP OF THE 6TH
New Orleans Zephyrs batting - Pitching for Indianapolis Indians : RHP David Winstead
Batting: RHB Alex Gomez 0-0: Ball
1-0: Fly out, F8 (Flyball, 8LXD, EV 99.4 MPH)
Batting: RHB Chris Lee 0-0: Ball
1-0: Swinging Strike
1-1: Ball
2-1: Ground out 6-3 (Groundball, 6M, EV 110.0 MPH)
Batting: RHB Jesus Castillo 0-0: Ball
1-0: Fly out, F2 (Popup, 23F, EV 89.4 MPH)
Top of the 6th over - 0 runs, 0 hits, 0 errors, 0 left on base; New Orleans 3 - Indianapolis 7
BOTTOM OF THE 6TH
Indianapolis Indians batting - Pitching for New Orleans Zephyrs : RHP Al Mendoza
Batting: RHB Ramon Morales 0-0: Swinging Strike
0-1: Foul Ball, location: 2F
0-2: Foul Ball, location: 2F
0-2: Strikes out swinging
Batting: RHB Caleb Russell 0-0: Ground out 6-3 (Groundball, 6, EV 85.0 MPH)
Batting: RHB Bubba Tierney 0-0: Ball
1-0: Fly out, F8 (Flyball, 8LD, EV 106.9 MPH)
Bottom of the 6th over - 0 runs, 0 hits, 0 errors, 0 left on base; New Orleans 3 - Indianapolis 7
TOP OF THE 7TH
New Orleans Zephyrs batting - Pitching for Indianapolis Indians : RHP David Winstead
Batting: RHB Kyle Ashton 0-0: Ball
1-0: Foul Ball, location: 2F
1-1: Called Strike
1-2: Foul Ball, location: 2F
1-2: Foul Ball, location: 2F
1-2: Strikes out swinging, 2-3 out at first.
Batting: RHB Gebre-Giorgios Tikolo 0-0: Ball
1-0: Swinging Strike
1-1: Ball
2-1: DOUBLE (Line Drive, 78D, EV 103.1 MPH)
Pinch Runner at 2nd Adrian Young:
Batting: RHB Katsutaka Inouye 0-0: Ground out 4-3 (Groundball, 4, EV 83.8 MPH)
Adrian Young to third
Batting: RHB Jerry Delgado 0-0: Called Strike
0-1: Foul Ball, location: 2F
0-2: Ball
1-2: Ball
2-2: Ground out 6-3 (Groundball, 6, EV 113.1 MPH)
Top of the 7th over - 0 runs, 1 hit, 0 errors, 1 left on base; New Orleans 3 - Indianapolis 7
BOTTOM OF THE 7TH
Indianapolis Indians batting - Pitching for New Orleans Zephyrs : RHP Al Mendoza
Pitching: LHP Yoriyuki Sugai
Now at 3B: Jesus Castillo
Now in LF: Adrian Young
Now in CF: Jerry Delgado
Batting: SHB Ben Myers 0-0: Foul Ball, location: 2F
0-1: Swinging Strike
0-2: Strikes out swinging
Batting: SHB Louie Horne 0-0: Called Strike
0-1: Swinging Strike
0-2: Fly out, F6 (Popup, 4MS, EV 62.5 MPH)
Batting: LHB Jorge Quintana 0-0: Fly out, F9 (Flyball, 89M, EV 98.1 MPH)
Bottom of the 7th over - 0 runs, 0 hits, 0 errors, 0 left on base; New Orleans 3 - Indianapolis 7
TOP OF THE 8TH
New Orleans Zephyrs batting - Pitching for Indianapolis Indians : RHP David Winstead
Batting: SHB Ramon Martinez 0-0: Ball
1-0: Fly out, F4 (Popup, 34, EV 75.6 MPH)
Batting: RHB Omar Contreras 0-0: Called Strike
0-1: Swinging Strike
0-2: Strikes out swinging
Batting: RHB Alex Gomez 0-0: Ball
1-0: Ball
2-0: Fly out, F8 (Flyball, 8RM, EV 90.0 MPH)
Top of the 8th over - 0 runs, 0 hits, 0 errors, 0 left on base; New Orleans 3 - Indianapolis 7
BOTTOM OF THE 8TH
Indianapolis Indians batting - Pitching for New Orleans Zephyrs : LHP Yoriyuki Sugai
Batting: RHB Chris McCoy 0-0: Ground out 6-3 (Groundball, 6, EV 81.9 MPH)
Batting: RHB Kirk Seiffert 0-0: Ball
1-0: Ball
2-0: Fly out, F7 (Flyball, 7LD, EV 99.4 MPH)
Batting: RHB Danny Gallegos 0-0: Ground out 6-3 (Groundball, 6, EV 86.9 MPH)
Bottom of the 8th over - 0 runs, 0 hits, 0 errors, 0 left on base; New Orleans 3 - Indianapolis 7
TOP OF THE 9TH
New Orleans Zephyrs batting - Pitching for Indianapolis Indians : RHP David Winstead
Pitching: RHP Robby Granados
Batting: RHB Chris Lee 0-0: Called Strike
0-1: Ball
1-1: SINGLE (Groundball, 56, EV 96.3 MPH)
Batting: RHB Jesus Castillo 0-0: Ball
1-0: Ball
2-0: Ball
3-0: Called Strike
3-1: Base on Balls
Chris Lee to second
Pitching: LHP Jason Salzer
Batting: RHB Kyle Ashton 0-0: Called Strike
0-1: Grounds into double play, 5-4-3 (Groundball, 56, EV 102.5 MPH)
Chris Lee to third
Pinch Hitting: RHB Bill de Jesus 0-0: Foul Ball, location: 2F
0-1: SINGLE (Groundball, 56D, EV 105.0 MPH)
Chris Lee scores
Batting: RHB Katsutaka Inouye 0-0: Ball
1-0: Ball
2-0: Called Strike
2-1: Ball
3-1: Called Strike
3-2: Foul Ball, location: 2F
3-2: Strikes out looking
Top of the 9th over - 1 run, 2 hits, 0 errors, 1 left on base; New Orleans 4 - Indianapolis 7
Thursday, March 31st , 2022 - OOTP Baseball 22.12 Build 89